 Dungeon Sprint DCSS version 0.24-a0-249-g2af7e83 (webtiles) character file.

65918 Krakonus1 the End of an Era (level 14, -7/156 HPs)
             Began as a Deep Dwarf Fighter on July 26, 2018.
             Was the Champion of Qazlal.
             Killed from afar by Jory (76 damage)
             ... with a crystal spear
             ... in the Dungeon (Sprint IX: "|||||||||||||||||||||||||||||") on Apr 13, 2019.
             The game lasted 00:34:09 (2578 turns).

Krakonus1 the End of an Era (Deep Dwarf Fighter)    Turns: 2578, Time: 00:34:09

Health: -7/156     AC: 34    Str: 24    XL:     14   Next: 77%
Magic:  19/25      EV: 15    Int:  8    God:    Qazlal [******]
Gold:   1551       SH: 31    Dex: 12    Spells: 13/13 levels left

rFire    . . .     SeeInvis .   q - +1 broad axe (chop)
rCold    . . .     Gourm    .   P - +2 large shield
rNeg     + . .     Faith    .   L - +2 plate armour
rPois    .         Spirit   .   s - +0 helmet
rElec    +         Reflect  .   B - +0 cloak
rCorr    .         Harm     .   O - +1 pair of gloves
MR       ++...     NoTele   +   r - +0 pair of boots
Stlth    ..........             (no amulet)
HPRegen  0.00/turn              u - +2 ring of evasion
MPRegen  0.19/turn              v - +2 ring of protection

@: protected from physical damage, mesmerised, non-regenerating, repel missiles
A: damage resistance, heal wounds, slimy green scales 1, dopey 1, negative
energy resistance 1, sense surroundings 2, electricity resistance, no
regeneration
a: Heal Wounds, Upheaval, Elemental Force, Disaster Area, Renounce Religion


You were in the Dungeon.
You worshipped Qazlal.
Qazlal was exalted by your worship.
You were hungry.

You visited 1 branch You collected 1941 gold pieces.
You spent 390 gold pieces at shops.

Inventory:

Hand Weapons
 c - a +2 broad axe
 q - a +1 broad axe of chopping (weapon)
 D - a +1 war axe of flaming
 K - a +0 war axe of freezing
Armour
 r - a +0 pair of boots (worn)
 s - a +0 helmet (worn)
 B - a +0 cloak (worn)
 L - a +2 plate armour (worn)
 O - a +1 pair of gloves (worn)
 P - a +2 large shield (worn)
Jewellery
 u - a +2 ring of evasion (left hand)
 v - a +2 ring of protection (right hand)
 G - an uncursed ring of poison resistance
 H - an uncursed ring of protection from fire
 I - an uncursed ring of protection from fire
 J - an uncursed ring of poison resistance
Wands
 p - a wand of acid (10)
Scrolls
 k - 3 scrolls of blinking
 n - 4 scrolls of remove curse
 o - 2 scrolls of amnesia
 x - 2 scrolls of fog
 y - 2 scrolls of fear
Potions
 d - 3 potions of might
 e - 6 potions of curing
 g - a potion of heal wounds
 h - a potion of haste
 i - 4 potions of magic
 j - 3 potions of berserk rage
 m - a potion of invisibility
 w - 3 potions of brilliance
 N - a potion of resistance
Comestibles
 a - 9 chunks of flesh
 f - 12 rations


   Skills:
 * Level 18.2 Fighting
 + Level 15.9 Axes
 + Level 16.1 Armour
 + Level 15.8 Dodging
 + Level 16.1 Shields
 O Level 27 Invocations


You had 13 spell levels left.
You didn't know any spells.
Your spell library was empty.

Dungeon Overview and Level Annotations

Branches:
Dungeon (1/1)

Altars:
Cheibriados
Dithmenos
Elyvilon
Fedhas
Gozag
Hepliaklqana
Kikubaaqudgha
Makhleb
Nemelex Xobeh
Okawaru
Qazlal
Ru
Sif Muna
Trog
Uskayaw
Vehumet
Wu Jian
Xom
Yredelemnul
Zin
The Shining One
Beogh
Jiyva
Lugonu

Shops:
D :*%=

Annotations:
D Jory


Innate Abilities, Weirdness & Mutations

You are resistant to damage.
You can heal yourself by infusing magical energy.
You resist negative energy. (rN+)
You passively map the area around you.
You do not regenerate.
You are partially covered in slimy green scales. (AC +2)
You are dopey. (Int -2)
You are resistant to electric shocks. (rElec)


Message History

Jory is infused with unholy energy.
Jory draws life force from you and is healed!
You closely miss Jory.
Jory is almost destroyed.
Jory gestures at you while chanting. The crystal spear hits you!!!
* * * LOW HITPOINT WARNING * * *
You are too injured to fight recklessly!
You feel much better.
Jory hisses silently.
Jory is infused with unholy energy.
* * * LOW HITPOINT WARNING * * *
Jory draws life force from you and is healed!
You are too injured to fight recklessly!
Your magical essence is drained by the effort!
You feel much better.
Jory points at you and mumbles some strange words.
The crystal spear hits you!!!!
You feel more protected from physical attacks.
You die...

*************▓▓▓▓▓▓▓▓▓▓▓▓▓▓▓▓▓▓▓▓
,*,,,*,,,*,,,▓.V.▓...▓...▓...▓...
,*,*,*,*,*,*,▓.▓@▓.▓.▓.▓.▓.▓.▓.▓.
,*,*,*,*,*,*,▓V▓.▓.▓.▓.▓.▓.▓.▓.▓.
,*,*+*,*,*,*,▓.▓.▓.▓.▓.▓.▓.▓.▓.▓.
,*,*,*,*+*,*,▓.▓.▓.▓.▓.▓.▓.▓.▓.▓'
,*,*,*,*,*,*,▓.▓.▓.▓.▓.▓.▓.▓.▓.▓.
+*,*,*,*,*,*,▓.▓.▓.▓.▓.▓.▓.▓.▓.▓.
,*,*,*,*,*,*,▓.▓.▓.▓.▓.▓.▓.▓.▓.▓.
,*,*,*,*,*,*,*,▓.▓.▓.▓.▓.▓.▓.▓.▓.
,*,*,*,*,*,*,*,▓'▓.▓.▓.▓'▓.▓'▓.▓[


You could see Jory.

Vanquished Creatures
  Saint Roka (D)
  A lich (D)
  A tengu reaver (D)
  A nagaraja (D)
  A vault warden (D)
  An orc warlord (D)
  An ironheart preserver (D)
  3 stone giants (D)
  3 very ugly things (D)
  An entropy weaver (D)
  5 ettins (D)
  Snorg (D)
  A rakshasa (D)
  A great orb of eyes (D)
  A yaktaur captain (D)
  A naga warrior (D)
  A catoblepas (D)
  A hydra (D)
  2 two-headed ogres (D)
  2 ghost crabs (D)
  A death knight (D)
  Erica (D)
  3 centaur warriors (D)
  An ogre mage (D)
  A tengu warrior (D)
  A deep troll earth mage (D)
  2 deep troll shamans (D)
  2 vampire magi (D)
  A shock serpent (D)
  A naga sharpshooter (D)
  A hell knight (D)
  A deep elf knight (D)
  2 sea snakes (D)
  An unseen horror (D)
  A naga ritualist (D)
  A glowing orange brain (D)
  A shambling mangrove (D)
  A harpy (D)
  11 orc knights (D)
  2 necromancers (D)
  2 ironbrand convokers (D)
  2 wolf spiders (D)
  An orb spider (D)
  2 ugly things (D)
  4 manticores (D)
  2 black mambas (D)
  A guardian serpent (D)
  A yaktaur (D)
  A komodo dragon (D)
  A rime drake (D)
  2 demonic crawlers (D)
  3 freezing wraiths (D)
  A jumping spider (D)
  3 merfolk (D)
  A troll (D)
  A tyrant leech (D)
  2 hornets (D)
  2 bog bodies (D)
  A snapping turtle (D)
  3 blink frogs (D)
  2 redbacks (D)
  A slime creature (D)
  3 yaks (D)
  A tarantella (shapeshifter) (D)
  A basilisk (D)
  A fire bat (shapeshifter) (D)
  Grum (D)
  4 wyverns (D)
  4 wargs (D)
  A naga (D)
  A warg (shapeshifter) (D)
  A hell hound (D)
  2 porcupines (D)
  An ice beast (D)
  16 orc warriors (D)
  2 swamp drakes (D)
  2 ogres (D)
  7 wolves (D)
  3 crocodiles (D)
  3 bullfrogs (D)
  A scorpion (D)
  A howler monkey (D)
  2 crimson imps (D)
  A jelly (D)
  A gnoll shaman (D)
  8 orc priests (D)
  2 orc wizards (D)
  A worker ant (D)
  A shadow imp (D)
  An adder skeleton (D)
  A dart slug (D)
  5 orcs (D)
  A bat zombie (D)
  2 hobgoblins (D)
  A kobold (D)
  A giant cockroach zombie (D)
  A jackal zombie (D)
  A leopard gecko skeleton (D)
  A rat (D)
192 creatures vanquished.

Notes
Turn   | Place    | Note
-------+----------+-------------------------------------------
     0 | D        | Krakonus1 the Deep Dwarf Fighter began the quest for the
                  | Orb.
     0 | D        | Reached XP level 1. HP: 20/20 MP: 1/1
    15 | D        | Reached skill level 1 in Dodging
    31 | D        | Noticed a howler monkey
    31 | D        | Noticed an ogre
    31 | D        | Noticed a crimson imp
    31 | D        | Noticed a crimson imp
    44 | D        | Killed a crimson imp
    44 | D        | Reached XP level 2. HP: 28/30 MP: 2/2
    44 | D        | Reached XP level 3. HP: 34/36 MP: 3/3
    52 | D        | Killed an ogre
    52 | D        | Reached skill level 5 in Axes
    52 | D        | Reached skill level 5 in Armour
    52 | D        | Reached skill level 5 in Shields
    52 | D        | Reached XP level 4. HP: 42/45 MP: 4/4
    59 | D        | Reached skill level 5 in Fighting
    59 | D        | Reached XP level 5. HP: 46/52 MP: 5/5
    63 | D        | Reached skill level 5 in Dodging
    70 | D        | Found a roughly hewn altar of Beogh.
    70 | D        | Found a snail-covered altar of Cheibriados.
    70 | D        | Found a shadowy altar of Dithmenos.
    70 | D        | Found a white marble altar of Elyvilon.
    70 | D        | Found a blossoming altar of Fedhas.
    70 | D        | Found an opulent altar of Gozag.
    71 | D        | Found a hazy altar of Hepliaklqana.
    72 | D        | Found a viscous altar of Jiyva.
    73 | D        | Found an ancient bone altar of Kikubaaqudgha.
    74 | D        | Found a corrupted altar of Lugonu.
    75 | D        | Found a burning altar of Makhleb.
    76 | D        | Found a sparkling altar of Nemelex Xobeh.
    77 | D        | Found an iron altar of Okawaru.
    78 | D        | Found a stormy altar of Qazlal.
    79 | D        | Found a sacrificial altar of Ru.
    80 | D        | Found a deep blue altar of Sif Muna.
    81 | D        | Found a bloodstained altar of Trog.
    82 | D        | Found a hide-covered altar of Uskayaw.
    83 | D        | Found a radiant altar of Vehumet.
    84 | D        | Found an ornate altar of the Wu Jian Council.
    85 | D        | Found a shimmering altar of Xom.
    86 | D        | Became a worshipper of Qazlal Stormbringer
    87 | D        | Found a basalt altar of Yredelemnul.
    88 | D        | Found a glowing silver altar of Zin.
    89 | D        | Found a glowing golden altar of the Shining One.
   140 | D        | Noticed a wyvern
   142 | D        | Reached skill level 3 in Invocations
   147 | D        | Killed a wyvern
   147 | D        | Reached * piety under Qazlal
   147 | D        | Reached skill level 9 in Invocations
   147 | D        | Reached XP level 6. HP: 49/61 MP: 5/13
   149 | D        | Reached skill level 10 in Invocations
   150 | D        | Reached skill level 11 in Invocations
   154 | D        | Reached ** piety under Qazlal
   206 | D        | Noticed a two-headed ogre
   206 | D        | Noticed an ice beast
   206 | D        | Noticed a yak
   206 | D        | Noticed a catoblepas
   231 | D        | Killed a catoblepas
   231 | D        | Reached skill level 16 in Invocations
   231 | D        | Reached XP level 7. HP: 51/67 MP: 12/18
   231 | D        | Reached XP level 8. HP: 57/74 MP: 13/20
   238 | D        | Reached skill level 17 in Invocations
   250 | D        | Killed a two-headed ogre
   250 | D        | Reached *** piety under Qazlal
   250 | D        | Reached skill level 20 in Invocations
   250 | D        | Gained mutation: You passively map the area around you.
                  | [Deep Dwarf growth]
   250 | D        | Reached XP level 9. HP: 33/81 MP: 13/23
   393 | D        | Gained mutation: Scrolls take you a little longer to read.
                  | [potion of mutation]
   393 | D        | Gained mutation: You are resistant to electric shocks.
                  | (rElec) [potion of mutation]
   393 | D        | Gained mutation: You are partially covered in molten
                  | scales. (AC +2) [potion of mutation]
   415 | D        | Reached **** piety under Qazlal
   419 | D        | Reached skill level 21 in Invocations
   444 | D        | Reached ***** piety under Qazlal
   444 | D        | Reached skill level 22 in Invocations
   460 | D        | Noticed a komodo dragon
   460 | D        | Noticed a rime drake
   470 | D        | Killed a komodo dragon
   470 | D        | Reached skill level 23 in Invocations
   470 | D        | Killed a rime drake
   470 | D        | Reached XP level 10. HP: 80/88 MP: 17/24
   630 | D        | Reached skill level 24 in Invocations
   633 | D        | Reached ****** piety under Qazlal
   763 | D        | Noticed Erica
   789 | D        | Killed Erica
   789 | D        | Reached skill level 25 in Invocations
   825 | D        | Noticed Grum
   830 | D        | Killed Grum
   887 | D        | Noticed an orc knight
   901 | D        | Reached skill level 26 in Invocations
   916 | D        | Killed an orc knight
  1006 | D        | Noticed an orc knight
  1008 | D        | Noticed an orc knight
  1009 | D        | Killed an orc knight
  1009 | D        | Reached XP level 11. HP: 89/96 MP: 25/25
  1009 | D        | Killed an orc knight
  1009 | D        | Reached skill level 27 in Invocations
  1023 | D        | Noticed an ettin
  1037 | D        | Killed an ettin
  1082 | D        | Found Fuvoug's Jewellery Boutique.
  1082 | D        | Noticed an orc knight
  1082 | D        | Noticed an orc knight
  1082 | D        | Noticed an orc knight
  1083 | D        | Noticed an orc knight
  1085 | D        | Noticed an orc knight
  1086 | D        | Killed an orc knight
  1086 | D        | Killed an orc knight
  1086 | D        | Killed an orc knight
  1086 | D        | Killed an orc knight
  1088 | D        | Noticed an orc knight
  1098 | D        | Killed an orc knight
  1100 | D        | Killed an orc knight
  1101 | D        | Found Juutoam's Food Shop.
  1105 | D        | Found Esesotz's Assorted Antiques.
  1105 | D        | Noticed an orc knight
  1121 | D        | Noticed an orc knight
  1125 | D        | Killed an orc knight
  1133 | D        | Killed an orc knight
  1138 | D        | Found Sotuqosch's Book Shop.
  1239 | D        | Bought 2 potions of berserk rage for 260 gold pieces
  1239 | D        | Bought a scroll labeled CAPPYX FOEC for 26 gold pieces
  1239 | D        | Bought a scroll of remove curse for 78 gold pieces
  1239 | D        | Bought a scroll labeled ESKOJU ITHRIOR for 26 gold pieces
  1423 | D        | Lost mutation: Scrolls take you a little longer to read.
                  | [potion of mutation]
  1423 | D        | Lost mutation: You are partially covered in molten scales.
                  | (AC +2) [potion of mutation]
  1423 | D        | Gained mutation: You are dopey. (Int -2) [potion of
                  | mutation]
  1423 | D        | Gained mutation: You are partially covered in slimy green
                  | scales. (AC +2) [potion of mutation]
  1429 | D        | Noticed a white ugly thing
  1431 | D        | Noticed a two-headed ogre
  1433 | D        | Noticed a deep troll earth mage
  1434 | D        | Killed a two-headed ogre
  1434 | D        | Killed a deep troll earth mage
  1434 | D        | Reached skill level 10 in Fighting
  1434 | D        | Reached XP level 12. HP: 95/116 MP: 26/26
  1436 | D        | Noticed a stone giant
  1437 | D        | Noticed an ettin
  1456 | D        | Killed an ettin
  1456 | D        | Killed a stone giant
  1456 | D        | Reached skill level 10 in Armour
  1456 | D        | Reached skill level 10 in Shields
  1456 | D        | Noticed a stone giant
  1466 | D        | Noticed an ettin
  1470 | D        | Noticed a centaur warrior
  1476 | D        | Killed a stone giant
  1476 | D        | Reached skill level 10 in Axes
  1476 | D        | Reached skill level 10 in Dodging
  1477 | D        | Killed an ettin
  1481 | D        | Killed a centaur warrior
  1484 | D        | Noticed a tengu warrior
  1502 | D        | Killed a tengu warrior
  1626 | D        | Noticed Snorg
  1634 | D        | Killed Snorg
  1648 | D        | Noticed Saint Roka
  1674 | D        | Killed Saint Roka
  1824 | D        | Noticed an entropy weaver
  1825 | D        | Reached XP level 13. HP: 128/133 MP: 17/26
  1837 | D        | Killed an entropy weaver
  1981 | D        | Noticed a nagaraja
  1983 | D        | Killed a nagaraja
  1983 | D        | Reached skill level 15 in Fighting
  2197 | D        | Noticed an ettin
  2197 | D        | Noticed an ettin
  2197 | D        | Noticed a red very ugly thing
  2197 | D        | Noticed a cyan very ugly thing
  2198 | D        | Noticed a tengu reaver
  2199 | D        | Killed an ettin
  2199 | D        | Killed an ettin
  2199 | D        | Killed a tengu reaver
  2200 | D        | Killed a red very ugly thing
  2200 | D        | Gained mutation: You resist negative energy. (rN+) [Deep
                  | Dwarf growth]
  2200 | D        | Reached XP level 14. HP: 136/150 MP: 19/27
  2212 | D        | Killed a cyan very ugly thing
  2213 | D        | Noticed a brown very ugly thing
  2214 | D        | Killed a brown very ugly thing
  2234 | D        | Noticed a lich
  2240 | D        | Killed a lich
  2247 | D        | Reached skill level 15 in Armour
  2247 | D        | Reached skill level 15 in Shields
  2289 | D        | Noticed an ironheart preserver
  2289 | D        | Noticed a vault warden
  2292 | D        | Killed an ironheart preserver
  2292 | D        | Reached skill level 15 in Axes
  2292 | D        | Reached skill level 15 in Dodging
  2293 | D        | Killed a vault warden
  2416 | D        | Upgraded the game from 0.22-a0-848-ge9e22a0 to
                  | 0.24-a0-249-g2af7e83
  2434 | D        | Noticed an orc warlord
  2435 | D        | Killed an orc warlord
  2452 | D        | Noticed a stone giant
  2456 | D        | Killed a stone giant
  2535 | D        | Noticed Jory
  2578 | D        | Killed from afar by Jory

Levels and vault maps discovered:
D:        linesprint

Skill      XL: |  1  2  3  4  5  6  7  8  9 10 11 12 13 14 |
---------------+-------------------------------------------+-----
Dodging        | 3 4 5 9 11 14 15 | 15.8
Fighting       | 3 4 5 10 13 16 18 | 18.2
Axes           | 3 5 9 11 14 15 | 15.9
Armour         | 4 5 6 9 11 14 16 | 16.1
Shields        | 4 5 6 9 11 14 16 | 16.1
Invocations    | 9 16 20 23 26 27 | 27.0

Action                   |  1- 3 |  4- 6 |  7- 9 | 10-12 | 13-15 || total
-------------------------+-------+-------+-------+-------+-------++-------
Melee: War axe           |    40 |     9 |       |       |       ||    49
       Broad axe         |       |    30 |    42 |   211 |   119 ||   402
Invok: Upheaval          |       |     1 |     5 |    28 |    16 ||    50
       Disaster Area     |       |       |       |     4 |     6 ||    10
       Elemental Force   |       |       |       |     1 |     1 ||     2
 Abil: Heal Wounds       |       |     2 |     2 |    14 |    11 ||    29
  Use: Potion            |       |     1 |     2 |     1 |       ||     4
       Scroll            |       |       |       |     1 |     5 ||     6
 Stab: Petrified         |       |       |     1 |       |       ||     1
  Eat: Chunk             |       |       |       |     4 |     2 ||     6
Armor: Scale mail        |    15 |     1 |       |       |       ||    16
       Ring mail         |       |     8 |    12 |    11 |       ||    31
       Chain mail        |       |       |       |    13 |       ||    13
       Plate armour      |       |       |       |    24 |    34 ||    58
Dodge: Dodged            |     8 |    18 |    23 |    44 |    25 ||   118
       Deflected         |       |       |       |     3 |       ||     3
Block: Shield            |    19 |    13 |    40 |   140 |       ||   212
       Large shield      |       |       |       |    63 |   130 ||   193

Table legend:
 A = Non-vault XP
 B = Vault XP
 C = Vault XP percentage of total XP
 D = Non-vault monster count
 E = Vault monster count
 F = Vault count percentage of total count
                 A         B        C        D         E       F
            +---------+---------+-------+---------+---------+-------
      Total |   84376 |    9793 |  10.4 |     178 |      14 |   7.3
            +---------+---------+-------+---------+---------+-------
          D |   84376 |    9793 |  10.4 |     178 |      14 |   7.3
            +---------+---------+-------+---------+---------+-------
